Cogmind - Beta 11 X7 @@@ ROGUE MODE // 2021.09.22 @ 12:22:34 Player: leiavoia Result: Destroyed by P-70 Sage with Tesla Rifle Performance ------------- Evolutions (5) 2500 Regions Visited (15) 3000 Robots Destroyed (100) 500 Value Destroyed (3929) 3929 Prototype IDs (22) 440 Alien Tech Used (0) 0 Bonus (2336) 2336 TOTAL SCORE: 12705 Bonus ------- Pacifist 200 High Alert Combat Kills 1269 Follower Combat Kills 1884 Met Data Miner 300 Friendly Fire -1317 Cogmind --------- Core Integrity 0/1000 Matter 431/600 Energy 34/170 System Corruption 20% Temperature Cool (84) Movement Core (550) Ox10 Location -5/Factory Parts ------- > --- POWER (1) -------- Micro Fission Core > --- PROPULSION (4) --- (None) > --- UTILITY (9) ------ Large Storage Unit Improved Matter Compressor Enhanced Optical Array Improved Targeting Computer Target Analyzer Improved Target Analyzer > --- WEAPON (3) ------- Great Axe > --- INVENTORY (15) --- Improved Treads Advanced Cooling System High-capacity Matter Pod (200) Advanced Visual Processing Unit Improved Terrain Scanner Proton Cannon Long-range Proton Cannon Peak State ------------ > --- POWER ------------ Cooled Fission Core > --- PROPULSION ------- Heavy Treads Heavy Treads > --- UTILITY ---------- Experimental Heat Sink Large Storage Unit Improved Matter Compressor Improved Signal Interpreter Improved Targeting Computer Target Analyzer Improved Target Analyzer Layered Medium Armor Plating Layered Medium Armor Plating > --- WEAPON ----------- Cooled Plasma Rifle Proton Cannon Flak Gun > --- INVENTORY -------- Cooled Fission Core Improved Treads Advanced Cooling System High-capacity Matter Pod Advanced Visual Processing Unit Improved Terrain Scanner Layered Medium Armor Plating Plasma Rifle Proton Cannon Long-range Proton Cannon Neutron Cannon Enhanced Autogun Heavy Battle Rifle Great Axe [Rating: 91] Favorites ----------- Power Antimatter Reactor Engine Ion Engine Power Core Cooled Fission Core Reactor Antimatter Reactor Propulsion Armored Huge Wheel Treads Improved Treads Wheel Armored Huge Wheel Utility Large Storage Unit Device Improved Heat Sink Storage Large Storage Unit Processor Improved Signal Interpreter Hackware System Shield Protection Makeshift Armor Plating Weapon Great Axe Energy Gun Cooled Plasma Rifle Energy Cannon Ion Cannon Ballistic Gun Enhanced Autogun Ballistic Cannon Slug Cannon Launcher Rocket Launcher Special Weapon Mining Laser Impact Weapon Heavy Flail Slashing Weapon Great Axe Build | -11 -10 -9 -9 -8 -7 -7 -7 -7 -7 -7 -6 -6 -6 -6 -5 ------- Run | Scr Mat Mat Min Mat Fac Was Fac Low Low Dat Pro Fac Low Low Fac Slots Evolved 10 | . . 2 . 2 2 . . . . . . 2 . . 2 Power . | . . . . . . . . . . . . . . . . Propulsion 2 | . . . . . 1 . . . . . . 1 . . . Utility 7 | . . 2 . 2 . . . . . . . 1 . . 2 Weapon 1 | . . . . . 1 . . . . . . . . . . Parts Attached 151 | 6 5 . 21 32 7 7 3 1 4 . 1 3 2 1 58 Power 17 | 1 . . 3 3 . 2 . . . . . 1 . . 7 Engine 7 | 1 . . 3 2 . 1 . . . . . . . . . Core 7 | . . . . 1 . . . . . . . . . . 6 Reactor 3 | . . . . . . 1 . . . . . 1 . . 1 Propulsion 22 | 2 . . 3 7 3 . . . 1 . . 1 . . 5 Treads 12 | . . . 3 4 . . . . 1 . . . . . 4 Leg . | . . . . . . . . . . . . . . . . Wheel 10 | 2 . . . 3 3 . . . . . . 1 . . 1 Hover . | . . . . . . . . . . . . . . . . Flight . | . . . . . . . . . . . . . . . . Utility 47 | 1 3 . 5 7 3 3 3 1 3 . . . 2 . 16 Device 16 | . 1 . 3 4 1 . 1 1 1 . . . 1 . 3 Storage 4 | 1 1 . . . . 1 . . . . . . . . 1 Processor 8 | . . . . 1 . . . . 1 . . . 1 . 5 Hackware 2 | . . . . . 1 . 1 . . . . . . . . Protection 17 | . 1 . 2 2 1 2 1 . 1 . . . . . 7 Artifact . | . . . . . . . . . . . . . . . . Weapon 65 | 2 2 . 10 15 1 2 . . . . 1 1 . 1 30 Energy Gun 10 | . . . . 3 1 . . . . . . . . . 6 Energy Cannon 6 | . . . 1 2 . . . . . . . . . . 3 Ballistic Gun 23 | 2 2 . 5 7 . . . . . . . . . . 7 Ballistic Cannon 10 | . . . 1 . . 1 . . . . 1 1 . . 6 Launcher 3 | . . . . . . . . . . . . . . 1 2 Special Weapon 4 | . . . 3 1 . . . . . . . . . . . Impact Weapon 2 | . . . . 2 . . . . . . . . . . . Slashing Weapon 7 | . . . . . . 1 . . . . . . . . 6 Piercing Weapon . | . . . . . . . . . . . . . . . . Special Melee Weapon . | . . . . . . . . . . . . . . . . Unidentified Prototypes 10 | . . . . 2 1 . . . . . . 1 . . 6 Parts Lost 47 | . . . 3 11 . . . . 1 . . . . 1 31 Power 5 | . . . 1 2 . . . . . . . . . . 2 Propulsion 13 | . . . 1 5 . . . . 1 . . . . . 6 Utility 10 | . . . . 1 . . . . . . . . . 1 8 Weapon 19 | . . . 1 3 . . . . . . . . . . 15 Highest Loss Streak 18 | . . . 1 4 . . . . 1 . . . . 1 18 Average Slot Usage (%) 89 | . 96 77 95 96 98 84 87 92 87 92 92 78 85 82 84 Engine 3 | . 14 11 10 7 . 3 . . . . . . . . . Reactor 3 | . . . . . . 2 7 7 7 7 7 4 6 6 . Treads 5 | . . . 19 9 5 . . . . 7 7 . . . 3 Wheel 10 | . 28 22 2 8 15 15 15 15 9 7 7 13 13 13 7 Device 14 | . 4 11 20 32 10 7 4 12 15 15 15 13 18 13 6 Storage 8 | . 14 11 11 9 7 7 7 7 7 7 7 6 6 6 8 Processor 10 | . . . . 4 7 7 7 7 7 15 15 13 13 15 26 Hackware 2 | . . . . . 4 7 12 9 6 . . . . . . Protection 6 | . 6 . 8 6 15 7 7 7 7 7 7 6 6 6 5 Energy Gun 1 | . . . . 4 15 5 . . . . . . . . 5 Ballistic Gun 7 | . 28 22 18 9 7 7 7 7 7 7 2 . . . 2 Ballistic Cannon 5 | . . . 2 . . 2 7 7 7 7 12 13 13 13 4 Slashing Weapon 3 | . . . . . . 6 7 7 7 7 7 6 6 . 1 Naked Turns . | . . . . . . . . . . . . . . . . Heaviest Build 71 | 11 30 30 41 44 45 71 71 59 59 58 64 65 69 66 71 Greatest Support 140 | 26 26 26 46 46 38 38 38 38 38 28 28 56 56 56 140 Greatest Overweight (x) 2 | . 1 1 1 2 1 1 1 1 2 2 2 1 1 1 2 Average Overweight (x) 1 | . . 1 . . 1 . 1 1 1 2 2 1 1 1 1 Largest Inventory Capacity 15 | 8 15 15 15 15 15 15 15 15 15 15 15 15 15 15 15 Average Capacity 14 | 6 10 15 15 15 15 15 15 15 15 15 15 15 15 15 15 Most Carried 15 | 4 10 13 15 15 14 15 15 15 15 15 15 15 15 15 15 Average Carried 13 | 1 7 11 12 13 11 14 14 14 15 15 15 14 15 15 14 Final Capacity 15 | 8 15 15 15 15 15 15 15 15 15 15 15 15 15 15 15 Final Carried 15 | 4 10 13 15 14 14 15 15 15 15 15 15 15 15 15 7 Class Distribution -------------------- 52% | Mutant 25% | Derelict-Mutant 6% | Gunner 5% | Hacker-Mutant 4% | Scavenger-Mutant Dominant Class ---------------- Mutant | -10/Materials Mutant | -9/Materials Mutant | -9/Mines Scavenger-Mutant | -8/Materials Tank | -7/Factory Mutant | -7/Waste Hacker-Mutant | -7/Factory Mutant | -7/Lower Caves Mutant | -7/Lower Caves Derelict-Mutant | -7/Data Miner Derelict-Mutant | -6/Proximity Caves Derelict-Mutant | -6/Factory Derelict-Mutant | -6/Lower Caves Derelict-Mutant | -6/Lower Caves Gunner | -5/Factory Resources | -11 -10 -9 -9 -8 -7 -7 -7 -7 -7 -7 -6 -6 -6 -6 -5 ----------- Run | Scr Mat Mat Min Mat Fac Was Fac Low Low Dat Pro Fac Low Low Fac Matter Collected 3864 | 246 . . 632 731 . 162 . 186 80 . . 105 46 113 1563 Remotely . | . . . . . . . . . . . . . . . . Salvage Created 4184 | . . . 614 800 . 165 . 68 34 . . 114 . 106 2283 Parts 190 | . . . 43 52 . 2 . 3 2 . . 10 . 5 73 Haulers Intercepted 5 | . . . . 2 . . . . . . . 1 . . 2 Recyclers Shooed 2 | . . . . . . . . . . . . . . . 2 Parts Field Recycled . | . . . . . . . . . . . . . . . . Retrieved Matter . | . . . . . . . . . . . . . . . . Parts Self-Destructed 31 | . . . . . . . . 21 7 . 3 . . . . Prevented 1 | . . . . . . . . . . . 1 . . . . Kills | -11 -10 -9 -9 -8 -7 -7 -7 -7 -7 -7 -6 -6 -6 -6 -5 ------- Run | Scr Mat Mat Min Mat Fac Was Fac Low Low Dat Pro Fac Low Low Fac Combat Hostiles Destroyed 82 | . . . 21 16 . . . 2 1 . . . . 3 39 Guns 48 | . . . 17 12 . . . . . . . . . . 19 Cannons 21 | . . . 4 . . . . 2 1 . . . . . 14 AOE 12 | . . . . 4 . . . . . . . . . 3 5 Classes Destroyed 16 | . . . 4 6 . . . . . . . . . 1 5 Worker 3 | . . . . 2 . . . . . . . 1 . . . Builder 6 | . . . . 2 . . . . . . . 1 . . 3 Tunneler 2 | . . . 2 . . . . . . . . . . . . Hauler 5 | . . . . 2 . . . . . . . 1 . . 2 Recycler 1 | . . . . 1 . . . . . . . . . . . Mechanic 1 | . . . . . . . . . . . . . . . 1 Watcher 2 | . . . . . . . . . . . . . . . 2 Swarmer 11 | . . . 3 4 . . . 1 . . . . . . 3 Grunt 44 | . . . 15 8 . . . . . . . . . . 21 Brawler 3 | . . . . . . . . . . . . . . . 3 Sentry 8 | . . . . 3 . . . 1 1 . . . . . 3 Hunter 3 | . . . . 1 . . . . . . . . . . 2 Programmer 5 | . . . . . . . . . . . . . . . 5 Heavy 2 | . . . . . . . . . . . . . . . 2 Enhanced Grunt 1 | . . . . . . . . . . . . . . . 1 Assembled 3 | . . . 3 . . . . . . . . . . . . Thug 2 | . . . . . . . . . . . . . . 2 . Mutant 1 | . . . . . . . . . . . . . . 1 . Best Kill Streak 9 | . . . 5 9 . . . 1 1 . . 2 . 3 7 Combat Bots Only 6 | . . . 4 6 . . . 1 1 . . . . 3 6 Max Kills in Single Turn 6 | . . . 2 6 . . . 1 1 . . 1 . 3 3 Gunslinging . | . . . . . . . . . . . . . . . . Exploded 4 | . . . . 4 . . . . . . . . . 3 2 Melee . | . . . . . . . . . . . . . . . . Uniques/NPCs Destroyed . | . . . . . . . . . . . . . . . . Combat | -11 -10 -9 -9 -8 -7 -7 -7 -7 -7 -7 -6 -6 -6 -6 -5 -------- Run | Scr Mat Mat Min Mat Fac Was Fac Low Low Dat Pro Fac Low Low Fac Damage Taken 10207 | . . 28 815 1922 . . 5 62 239 . . 22 . 223 6891 Core 1607 | . . 28 145 290 . . . 31 23 . . . . 71 1019 Absorbed by Shields . | . . . . . . . . . . . . . . . . Reduced by Siege Mode 5 | . . . . . . . . . . . . . . . 5 Core Remaining (%) 81 | 100 100 . 56 47 . . . . . . 92 . . 91 . Volleys Fired 275 | . . . 73 57 . . 1 13 5 . . 5 2 7 112 Largest 3 | . . . 2 2 . . 2 2 2 . . 2 2 3 3 Hottest 161 | . . . 100 125 . . 73 73 73 . . 105 97 130 161 Shots Fired 583 | . . . 125 104 . . 2 26 10 . . 10 4 16 286 Gun 385 | . . . 94 99 . . 1 13 5 . . . . . 173 Cannon 169 | . . . 13 2 . . 1 13 5 . . 10 4 14 107 Launcher 8 | . . . . . . . . . . . . . . 2 6 Special 21 | . . . 18 3 . . . . . . . . . . . Kinetic 412 | . . . 107 65 . . 2 26 10 . . 10 4 14 174 Thermal 133 | . . . 18 17 . . . . . . . . . . 98 Explosive 8 | . . . . . . . . . . . . . . 2 6 Electromagnetic 30 | . . . . 22 . . . . . . . . . . 8 Robot Hit Streak 36 | . . . 7 11 . . 2 6 4 . . 5 1 7 36 Robot Miss Streak 5 | . . . 5 4 . . 1 5 2 . . 3 3 2 5 Penetration Max . | . . . . . . . . . . . . . . . . Secondary Targets 2 | . . . . 1 . . . . . . . . . . 1 Max Gunslinging Chain 1 | . . . . 1 . . . . . . . . . . 1 Shots Hit Robots 405 | . . . 78 81 . 8 1 13 6 . . 9 1 11 197 Core Hits 264 | . . . 46 60 . 3 . 5 1 . . 4 . 11 134 Critical Kills 6 | . . . . . . . . . 1 . . . . . 5 Critical Parts Destroyed 12 | . . . . . . . . 1 . . . 3 . 2 6 Critical Strikes 42 | . . . . 3 . . . 1 1 . . 3 . 2 32 Burn 12 | . . . . 1 . . . . . . . . . . 11 Destroy 21 | . . . . . . . . 1 1 . . 3 . 2 14 Blast 7 | . . . . . . . . . . . . . . . 7 Corrupt 2 | . . . . 2 . . . . . . . . . . . Melee Attacks 58 | . . . . 5 . 8 . . . . 8 23 1 . 13 Impact 5 | . . . . 5 . . . . . . . . . . . Slashing 53 | . . . . . . 8 . . . . 8 23 1 . 13 Piercing . | . . . . . . . . . . . . . . . . Sneak Attacks 3 | . . . . . . . . . . . . 2 . . 1 Combat Hostiles . | . . . . . . . . . . . . . . . . Follow-up Attacks . | . . . . . . . . . . . . . . . . Damage Inflicted 11880 | . . . 1185 1889 . 863 19 321 112 . . 442 41 652 6356 Guns 5851 | . . . 1030 1360 . . 19 128 32 . . . . . 3282 Cannons 3005 | . . . 155 50 . . . 193 80 . . 181 41 344 1961 Explosions 1711 | . . . . 435 . . . . . . . . . 308 968 Melee 1269 | . . . . . . 863 . . . . . 261 . . 145 Ramming 20 | . . . . 20 . . . . . . . . . . . Kinetic 6200 | . . . 1185 882 . . 19 321 112 . . 181 41 344 3115 Thermal 2635 | . . . . 693 . . . . . . . . . . 1942 Explosive 1276 | . . . . . . . . . . . . . . 308 968 Electromagnetic 480 | . . . . 294 . . . . . . . . . . 186 Impact . | . . . . . . . . . . . . . . . . Slashing 1269 | . . . . . . 863 . . . . . 261 . . 145 Piercing . | . . . . . . . . . . . . . . . . Highest Corruption 20 | . . . . 10 . . . . . . . . . 1 20 Average Corruption 5 | . . . . 7 . . . . . . . . . 1 4 Corruption Purged . | . . . . . . . . . . . . . . . . Effects 22 | . . . . 8 . . . . . . . . . . 14 Message Errors 7 | . . . . 2 . . . . . . . . . . 5 Matter Fused 4 | . . . . 1 . . . . . . . . . . 3 Heat Flow Errors 3 | . . . . 1 . . . . . . . . . . 2 Energy Discharges 2 | . . . . 1 . . . . . . . . . . 1 Parts Rejected 1 | . . . . 1 . . . . . . . . . . . Data Loss (major) 3 | . . . . 1 . . . . . . . . . . 2 Alerts 1 | . . . . 1 . . . . . . . . . . . Weapon Failures 1 | . . . . . . . . . . . . . . . 1 Overload Shots . | . . . . . . . . . . . . . . . . Overflow Damage 689 | . . . . 162 . 356 . 14 7 . . 111 5 . 34 Projectiles 60 | . . . . . . . . 14 7 . . . 5 . 34 Explosions 162 | . . . . 162 . . . . . . . . . . . Melee 467 | . . . . . . 356 . . . . . 111 . . . Knockbacks 18 | . . . 3 . . . . 1 . . . 4 1 2 7 Impact . | . . . . . . . . . . . . . . . . Kinetic 16 | . . . 2 . . . . 1 . . . 3 1 2 7 Secondary 2 | . . . 1 . . . . . . . . 1 . . . Self-Inflicted Damage 133 | . . . . 133 . . . . . . . . . . . Shots 2 | . . . . 2 . . . . . . . . . . . Rammed 4 | . . . . 4 . . . . . . . . . . . Targets Rammed 4 | . . . . 4 . . . . . . . . . . . Kicked . | . . . . . . . . . . . . . . . . Crushed . | . . . . . . . . . . . . . . . . Highest Temperature 300 | . . . 32 202 . . 4 32 38 . . 108 114 207 300 Average Temperature 47 | . . . 10 46 . . 3 11 15 . . 39 60 85 66 Received Heat Transfer 1743 | . . 9 228 423 . . . . 24 . . . . 81 978 Siege Activations 1 | . . . . . . . . . . . . . . . 1 Total Turns 31 | . . . . . . . . . . . . . . . 31 Longest Duration 31 | . . . . . . . . . . . . . . . 31 Robots Corrupted . | . . . . . . . . . . . . . . . . Combat Hostiles . | . . . . . . . . . . . . . . . . Parts Fried 2 | . . . . 1 . . . . . . . . . . 1 Impact Corruptions . | . . . . . . . . . . . . . . . . Robots Melted 1 | . . . . . . . . . . . . . . . 1 Combat Hostiles 1 | . . . . . . . . . . . . . . . 1 Parts Melted 10 | . . . . . . . . . . . . . . . 10 Heat Transferred 5517 | . . . . 881 . . . . . . . . . . 4636 Parts Sabotaged 2 | . . . . . . . . . . . . . . . 2 Parts Stolen . | . . . . . . . . . . . . . . . . Parts Stripped . | . . . . . . . . . . . . . . . . Power Chain Reactions 1 | . . . . 1 . . . . . . . . . . . Missiles Intercepted . | . . . . . . . . . . . . . . . . Alert | -11 -10 -9 -9 -8 -7 -7 -7 -7 -7 -7 -6 -6 -6 -6 -5 ------- Run | Scr Mat Mat Min Mat Fac Was Fac Low Low Dat Pro Fac Low Low Fac Peak Influence 1363 | . 71 74 265 426 172 60 209 . . . . 270 . . 1363 Initial 172 | . . 29 28 59 172 60 . . . . . . . . 30 Average 340 | . 41 43 87 225 172 57 52 . . . . 160 . . 894 Maximum Alert Level 4 | . . . 1 2 . . 1 . . . . 1 . . 4 Low Security (%) 57 | 100 100 100 90 36 100 100 80 . . . . 57 . . 5 Level 1 17 | . . . 9 60 . . 19 . . . . 42 . . 10 Level 2 3 | . . . . 3 . . . . . . . . . . 11 Level 3 10 | . . . . . . . . . . . . . . . 35 Level 4 10 | . . . . . . . . . . . . . . . 37 Level 5 . | . . . . . . . . . . . . . . . . High Security . | . . . . . . . . . . . . . . . . Max Security . | . . . . . . . . . . . . . . . . Squads Dispatched 26 | . 1 . . 6 . . 2 . . . . 1 . . 16 Investigation 2 | . . . . 1 . . 1 . . . . . . . . Extermination 3 | . . . . . . . . . . . . . . . 3 Reinforcement 14 | . 1 . . 2 . . . . . . . 1 . . 10 Assault 3 | . . . . . . . . . . . . . . . 3 Garrison 4 | . . . . 3 . . 1 . . . . . . . . Intercept . | . . . . . . . . . . . . . . . . Construction Impeded 3 | . . . . . . . . . . . . 1 . . 2 Haulers Reinforced 2 | . . . . . . . . . . . . . . . 2 Active Scanning Responses . | . . . . . . . . . . . . . . . . Cargo Convoy Interrupts . | . . . . . . . . . . . . . . . . Stealth | -11 -10 -9 -9 -8 -7 -7 -7 -7 -7 -7 -6 -6 -6 -6 -5 --------- Run | Scr Mat Mat Min Mat Fac Was Fac Low Low Dat Pro Fac Low Low Fac Distress Signals 11 | . 1 . . 7 . . . . . . . . . . 3 Communications Jammed 6 | . . . . 6 . . . . . . . . . . . Distress Signals . | . . . . . . . . . . . . . . . . Times Spotted 174 | . 5 4 23 31 . . 4 13 6 . 4 5 1 7 71 Peak Tracking Total 7 | . 3 3 3 7 . . 2 4 3 . 4 2 1 6 7 Tactical Retreats 10 | . . . 3 2 . . . 1 . . . . . . 4 Traps | -11 -10 -9 -9 -8 -7 -7 -7 -7 -7 -7 -6 -6 -6 -6 -5 ------- Run | Scr Mat Mat Min Mat Fac Was Fac Low Low Dat Pro Fac Low Low Fac Traps Triggered 10 | . . . . 3 1 . . . . . . 1 . . 5 Indirectly . | . . . . . . . . . . . . . . . . Trap Hack Attempts . | . . . . . . . . . . . . . . . . Triggered . | . . . . . . . . . . . . . . . . Disarmed . | . . . . . . . . . . . . . . . . Reprogrammed . | . . . . . . . . . . . . . . . . Reused . | . . . . . . . . . . . . . . . . Traps Extracted . | . . . . . . . . . . . . . . . . Installed . | . . . . . . . . . . . . . . . . Triggered 1 | . . . . . . . . . . . 1 . . . . Machines | -11 -10 -9 -9 -8 -7 -7 -7 -7 -7 -7 -6 -6 -6 -6 -5 ---------- Run | Scr Mat Mat Min Mat Fac Was Fac Low Low Dat Pro Fac Low Low Fac Machines Disabled 13 | . . . . 3 . . . . . . . 1 . . 9 Max in Single Turn 3 | . . . . 3 . . . . . . . 1 . . 2 Machines Sabotaged . | . . . . . . . . . . . . . . . . Garrisons Compromised . | . . . . . . . . . . . . . . . . Overloaded Fab Kills . | . . . . . . . . . . . . . . . . Fab Network Shutdowns . | . . . . . . . . . . . . . . . . Hacking | -11 -10 -9 -9 -8 -7 -7 -7 -7 -7 -7 -6 -6 -6 -6 -5 --------- Run | Scr Mat Mat Min Mat Fac Was Fac Low Low Dat Pro Fac Low Low Fac Machines Accessed 25 | . 4 1 1 2 2 . 1 2 1 4 . 1 2 . 4 Terminals 13 | . 4 1 . 2 1 . 1 . . . . . . . 4 Fabricators . | . . . . . . . . . . . . . . . . Repair Stations 1 | . . . . . . . . . . . . 1 . . . Recycling Units . | . . . . . . . . . . . . . . . . Scanalyzers . | . . . . . . . . . . . . . . . . Garrison Access 1 | . . . . . 1 . . . . . . . . . . Total Hacks 73 | . 11 2 1 4 2 . 7 7 1 25 . 2 5 . 6 Successful 50 | . 3 1 1 . . . 2 7 1 25 . 2 5 . 3 Failed 23 | . 8 1 . 4 2 . 5 . . . . . . . 3 Catastrophic 5 | . 1 . . 1 2 . . . . . . . . . 1 Database Lockouts . | . . . . . . . . . . . . . . . . Manual 8 | . 3 . . . . . 4 . . . . . . . 1 Terminals 31 | . 11 2 . 4 1 . 7 . . . . . . . 6 Fabricators . | . . . . . . . . . . . . . . . . Repair Stations 2 | . . . . . . . . . . . . 2 . . . Recycling Units . | . . . . . . . . . . . . . . . . Scanalyzers . | . . . . . . . . . . . . . . . . Garrison Access 1 | . . . . . 1 . . . . . . . . . . Terminal Hacks 45 | . 2 1 1 . . . 1 7 1 25 . . 5 . 2 Record 21 | . . . . . . . . 6 . 11 . . 4 . . Part Schematic 5 | . . . . . . . . . . 5 . . . . . Robot Schematic 6 | . . . . . . . . . . 6 . . . . . Prototype ID Bank 5 | . 1 . . . . . 1 . . 3 . . . . . Open Door 4 | . . . 1 . . . . 1 1 . . . 1 . . Branch Access Points 2 | . 1 1 . . . . . . . . . . . . . Locate Traps 1 | . . . . . . . . . . . . . . . 1 Zone Layout 1 | . . . . . . . . . . . . . . . 1 Fabricator Hacks . | . . . . . . . . . . . . . . . . Repair Station Hacks 2 | . . . . . . . . . . . . 2 . . . Scan Component 1 | . . . . . . . . . . . . 1 . . . Repair 1 | . . . . . . . . . . . . 1 . . . Recycling Unit Hacks . | . . . . . . . . . . . . . . . . Scanalyzer . | . . . . . . . . . . . . . . . . Garrison Access Hacks . | . . . . . . . . . . . . . . . . Unauthorized Hacks 3 | . 1 . . . . . 1 . . . . . . . 1 Terminals 3 | . 1 . . . . . 1 . . . . . . . 1 Assimilate 1 | . 1 . . . . . . . . . . . . . . Botnet 2 | . . . . . . . 1 . . . . . . . 1 Fabricators . | . . . . . . . . . . . . . . . . Repair Stations . | . . . . . . . . . . . . . . . . Recycling Units . | . . . . . . . . . . . . . . . . Scanalyzers . | . . . . . . . . . . . . . . . . Garrison Access . | . . . . . . . . . . . . . . . . Data Cores Recovered . | . . . . . . . . . . . . . . . . Used . | . . . . . . . . . . . . . . . . Hacking Detections 11 | . 3 1 . 1 2 . 1 . . . . . . . 3 Full Trace Events 2 | . . . . 1 . . 1 . . . . . . . . Feedback Events . | . . . . . . . . . . . . . . . . Feedback Blocked . | . . . . . . . . . . . . . . . . Robot Schematics Acquired 6 | . . . . . . . . . . 6 . . . . . Robots Built . | . . . . . . . . . . . . . . . . Matter . | . . . . . . . . . . . . . . . . Time . | . . . . . . . . . . . . . . . . Total Robot Build Rating . | . . . . . . . . . . . . . . . . Part Schematics Acquired 5 | . . . . . . . . . . 5 . . . . . Parts Built . | . . . . . . . . . . . . . . . . Matter . | . . . . . . . . . . . . . . . . Time . | . . . . . . . . . . . . . . . . Total Part Build Rating . | . . . . . . . . . . . . . . . . Parts Repaired 1 | . . . . . . . . . . . . 1 . . . Time 62 | . . . . . . . . . . . . 62 . . . Parts Recycled . | . . . . . . . . . . . . . . . . Recycled Matter . | . . . . . . . . . . . . . . . . Retrieved Matter . | . . . . . . . . . . . . . . . . Retrieved Components . | . . . . . . . . . . . . . . . . Parts Scanalyzed . | . . . . . . . . . . . . . . . . Part Schematics Acquired . | . . . . . . . . . . . . . . . . Parts Damaged . | . . . . . . . . . . . . . . . . Bothacking | -11 -10 -9 -9 -8 -7 -7 -7 -7 -7 -7 -6 -6 -6 -6 -5 ------------ Run | Scr Mat Mat Min Mat Fac Was Fac Low Low Dat Pro Fac Low Low Fac Used RIF Installer . | . . . . . . . . . . . . . . . . Robots Hacked . | . . . . . . . . . . . . . . . . Non-combat . | . . . . . . . . . . . . . . . . Combat . | . . . . . . . . . . . . . . . . Robot Hacks Applied . | . . . . . . . . . . . . . . . . Relay Couplers Released . | . . . . . . . . . . . . . . . . Robots Rewired 2 | . . . . . . . . . . . . . . 2 . Allies Hacked . | . . . . . . . . . . . . . . . . Hacks Repelled . | . . . . . . . . . . . . . . . . Allies | -11 -10 -9 -9 -8 -7 -7 -7 -7 -7 -7 -6 -6 -6 -6 -5 -------- Run | Scr Mat Mat Min Mat Fac Was Fac Low Low Dat Pro Fac Low Low Fac Total Allies 28 | . 1 . 2 . . 20 . 2 . . 1 . . 2 . Largest Group 21 | . 1 1 2 2 . 20 20 21 16 16 17 15 10 9 9 Highest-Rated Group 592 | . 10 10 45 45 . 554 553 590 497 497 592 536 381 316 316 Highest-Rated Ally 95 | . 10 10 31 31 . 35 35 35 35 35 95 95 95 95 95 Total Orders . | . . . . . . . . . . . . . . . . Ally Attacks 306 | . . . . 11 . . 15 66 12 . 12 52 11 23 104 Total Damage 7559 | . . . . 126 . . 360 1499 610 . 668 981 261 595 2459 Kills 67 | . . . . 1 . . 4 19 6 . 4 6 3 4 20 Allies Corrupted 2 | . . . . . . . . . . . 1 . . . 1 Allies Melted . | . . . . . . . . . . . . . . . . Intel | -11 -10 -9 -9 -8 -7 -7 -7 -7 -7 -7 -6 -6 -6 -6 -5 ------- Run | Scr Mat Mat Min Mat Fac Was Fac Low Low Dat Pro Fac Low Low Fac Robot Analysis Total . | . . . . . . . . . . . . . . . . Derelict Logs Recovered 4 | . . . . . . . . 2 . . 1 . 1 . . Drone Launches . | . . . . . . . . . . . . . . . . Drone Recoveries . | . . . . . . . . . . . . . . . . Exploration | -11 -10 -9 -9 -8 -7 -7 -7 -7 -7 -7 -6 -6 -6 -6 -5 ------------- Run | Scr Mat Mat Min Mat Fac Was Fac Low Low Dat Pro Fac Low Low Fac Turns Passed 8277 | 53 236 138 1246 720 191 420 189 1024 991 114 541 334 503 145 1432 Spaces Moved 5475 | 43 232 126 595 311 171 325 161 921 755 88 381 157 396 74 739 Core 1 | 1 . . . . . . . . . . . . . . . Treads 829 | . . . 552 176 . . . . . . . . . . 101 Legs . | . . . . . . . . . . . . . . . . Wheels 4645 | 42 232 126 43 135 171 325 161 921 755 88 381 157 396 74 638 Hover . | . . . . . . . . . . . . . . . . Flight . | . . . . . . . . . . . . . . . . Fastest Speed 50 | 50 90 105 105 95 105 90 105 105 105 130 130 115 115 115 100 Average Speed 120 | 93 95 105 156 144 105 104 105 105 119 130 130 115 115 115 124 Slowest Speed 260 | 100 105 105 160 260 105 105 105 105 130 130 130 115 115 115 160 Overloaded Moves . | . . . . . . . . . . . . . . . . Propulsion Burnouts . | . . . . . . . . . . . . . . . . Robots Hopped . | . . . . . . . . . . . . . . . . Cave-ins Triggered 1 | . . . . 1 . . . . . . . . . . . Exploration Rate (%) 45 | 3 54 15 97 33 3 95 6 97 93 69 51 7 50 12 35 Regions Visited 15 Branch Regions 7 Pre-discovered Areas 2 | . . . . . . . . 1 . 1 . . . . . Known Exits Taken 10 | . . 1 . 1 . . 1 1 1 1 1 1 1 1 . Unknown Exits Taken 3 | 1 1 . 1 . . . . . . . . . . . . Scrap Searched 10 | . . . 1 . . . . 2 3 . 1 . 3 . . Spaces Dug 47 | . . . . 6 . . . . . . 8 20 1 . 12 Terrain Destroyed 165 | . . . 3 30 . . 1 5 1 . 8 22 2 19 74 Melee 45 | . . . . 4 . . . . . . 8 20 1 . 12 Projectile 53 | . . . 3 2 . . 1 5 1 . . 2 1 3 35 AOE 67 | . . . . 24 . . . . . . . . . 16 27 Terrain Rammed . | . . . . . . . . . . . . . . . . Walls Destroyed . | . . . . . . . . . . . . . . . . Machines Disabled . | . . . . . . . . . . . . . . . . Actions | -11 -10 -9 -9 -8 -7 -7 -7 -7 -7 -7 -6 -6 -6 -6 -5 --------- Run | Scr Mat Mat Min Mat Fac Was Fac Low Low Dat Pro Fac Low Low Fac Total 6491 | 52 248 131 746 461 184 393 181 957 834 87 413 262 440 119 983 Wait 388 | . 1 3 49 26 . 36 9 20 69 . 22 69 35 22 27 Move 5462 | 42 231 125 594 311 171 324 160 920 754 87 380 156 395 73 739 Hop . | . . . . . . . . . . . . . . . . Pick Up 62 | 4 6 3 4 12 3 5 3 1 . . . 2 2 . 17 Fast Attach 61 | 6 2 . 5 10 2 5 1 1 2 . 1 2 2 . 22 Attach 41 | . . . 4 10 5 . 2 . . . . 1 . . 19 Detach 11 | . 1 . . 1 2 2 1 . . . 1 1 . . 2 Swap 50 | . 3 . 12 12 . 2 . . 2 . . . . 1 18 Drop 64 | . 4 . 5 14 1 11 4 2 2 . 1 3 3 . 14 Fire 275 | . . . 73 57 . . 1 13 5 . . 5 2 7 112 Melee 58 | . . . . 5 . 8 . . . . 8 23 1 . 13 Ram . | . . . . . . . . . . . . . . . . Kick . | . . . . . . . . . . . . . . . . Crush 3 | . . . . 3 . . . . . . . . . . . Escape Stasis . | . . . . . . . . . . . . . . . . Rewire 16 | . . . . . . . . . . . . . . 16 . Trap . | . . . . . . . . . . . . . . . . Miscellaneous . | . . . . . . . . . . . . . . . . Route ------- -11/Scrapyard -10/Materials (discovered 3 exits: *Mat x2 / Min) -9/Materials (discovered 2 exits: *Min x2) -9/Mines (discovered 2 exits: *Mat x2) -8/Materials -7/Factory -7/Waste -7/Factory -7/Lower Caves -7/Lower Caves (discovered 2 exits: *Fac / *Dat) -7/Data Miner -6/Proximity Caves -6/Factory (discovered 3 exits: Fac x2 / *Low) -6/Lower Caves -6/Lower Caves -5/Factory History --------- Turn | Location | Event 25 | -11/Scrapyard | Discovered new exit (range 16) 54 | -11/Scrapyard | Entered Materials 93 | -10/Materials | Identified exit to Mines 155 | -10/Materials | Discovered new exit (range 14) 255 | -10/Materials | Discovered new exit (range 14) 290 | -10/Materials | Entered another Materials area 290 | -9/Materials | Accompanied by 1 ally 290 | -9/Materials | Evolved 2 slots: Utility x2 300 | -9/Materials | Build established: Mutant 369 | -9/Materials | Identified exit to Mines 428 | -9/Materials | Entered Mines 428 | -9/Mines | Accompanied by 1 ally 455 | -9/Mines | Excavation squad dispatched 455 | -9/Mines | A large section of the Mines collapsed 705 | -9/Mines | Excavation squad dispatched 955 | -9/Mines | Excavation squad dispatched 1205 | -9/Mines | Excavation squad dispatched 1455 | -9/Mines | Excavation squad dispatched 1590 | -9/Mines | Discovered new exit (range 8) 1617 | -9/Mines | Met a Derelict who couldn't figure out how to use a Trap Extractor 1658 | -9/Mines | Discovered new exit (range 5) 1674 | -9/Mines | Entered Materials 1674 | -8/Materials | Accompanied by 2 allies 1674 | -8/Materials | Evolved 2 slots: Utility x2 1679 | -8/Materials | Led the pair of lost Derelicts to an unsafe place 1762 | -8/Materials | Garrison activated, responded to threat 1913 | -8/Materials | Lost 4 parts (1p1n2w) 1994 | -8/Materials | Build established: Scavenger-Mutant 2007 | -8/Materials | Crushed by falling debris 2230 | -8/Materials | System corruption reached 10% 2363 | -8/Materials | Discovered new exit (range 4) 2389 | -8/Materials | Identified exit to Factory 2390 | -8/Materials | Core integrity fell below 50% 2394 | -8/Materials | Entered Factory 2394 | -7/Factory | Evolved 2 slots: Propulsion x1, Weapon x1 2417 | -7/Factory | Lost 3 parts (2n1u) 2585 | -7/Factory | Sucked down chute 2585 | -7/Factory | Entered Waste 2586 | -7/Waste | Joined by Warlord forces that had cleared the area 2930 | -7/Waste | Build established: Mutant 2953 | -7/Waste | Discovered new exit (range 11) 2962 | -7/Waste | Identified exit to Factory 3005 | -7/Waste | Entered Factory 3005 | -7/Factory | Accompanied by 20 allies 3152 | -7/Factory | Discovered new exit (range 9) 3156 | -7/Factory | Garrison activated, responded to threat 3162 | -7/Factory | Identified exit to Lower Caves 3194 | -7/Factory | Entered Lower Caves 3194 | -7/Lower Caves | Accompanied by 20 allies 3345 | -7/Lower Caves | Learned Factory security intel 3346 | -7/Lower Caves | Build established: Hacker-Mutant 3366 | -7/Lower Caves | A Commander dispatched an escort 3380 | -7/Lower Caves | Learned location of Extension (-4) 3380 | -7/Lower Caves | Learned Armory security intel 3380 | -7/Lower Caves | Learned Factory terminal intel 3830 | -7/Lower Caves | Build established: Mutant 3942 | -7/Lower Caves | Learned Factory stockpile data 4055 | -7/Lower Caves | Discovered new exit (range 14) 4197 | -7/Lower Caves | Identified exit to Lower Caves 4218 | -7/Lower Caves | Entered another Lower Caves area 4218 | -7/Lower Caves | Accompanied by 18 allies 4219 | -7/Lower Caves | Commander's escort returned to base 4219 | -7/Lower Caves | Commander's escort returned to base 4219 | -7/Lower Caves | Identified exit to Factory 4554 | -7/Lower Caves | Attracted the attention of an 0b10 checkpoint 4935 | -7/Lower Caves | Discovered new exit (range 14) 4951 | -7/Lower Caves | Identified exit to Data Miner 5209 | -7/Lower Caves | Entered Data Miner 5209 | -7/Data Miner | Accompanied by 16 allies 5209 | -7/Data Miner | Discovered new exit (range 6) 5234 | -7/Data Miner | Met Data Miner 5258 | -7/Data Miner | Learned location of Section 7 (-2) 5258 | -7/Data Miner | Acquired the access code to Warlord's prototype stash 5285 | -7/Data Miner | Received God Mode back door access code from Data Miner 5319 | -7/Data Miner | Identified exit to Proximity Caves 5323 | -7/Data Miner | Entered Proximity Caves 5323 | -6/Proximity Caves | Accompanied by 16 allies 5415 | -6/Proximity Caves | Build established: Derelict-Mutant 5618 | -6/Proximity Caves | Escorted by Enhanced Grunt 5864 | -6/Proximity Caves | Entered Factory 5864 | -6/Factory | Accompanied by 15 allies 5864 | -6/Factory | Evolved 2 slots: Propulsion x1, Utility x1 5865 | -6/Factory | Identified exit to Factory 5868 | -6/Factory | Loaded intel: 20 terminal locations 6020 | -6/Factory | Repaired Antimatter Reactor 6073 | -6/Factory | Discovered new exit (range 10) 6086 | -6/Factory | Identified exit to Lower Caves 6198 | -6/Factory | Entered Lower Caves 6198 | -6/Lower Caves | Accompanied by 10 allies 6304 | -6/Lower Caves | Encountered a Warlord checkpoint 6307 | -6/Lower Caves | Learned Factory garrison access intel 6333 | -6/Lower Caves | P-60 Hacker assimilated allied SP-S89(d) 6334 | -6/Lower Caves | P-60 Hacker assimilated allied BE-UF1(d) 6636 | -6/Lower Caves | Discovered new exit (range 3) 6641 | -6/Lower Caves | Identified exit to Lower Caves 6701 | -6/Lower Caves | Entered another Lower Caves area 6701 | -6/Lower Caves | Accompanied by 8 allies 6706 | -6/Lower Caves | Attacked by a faux Warlord 6801 | -6/Lower Caves | Discovered exit to Factory (range 16) 6846 | -6/Lower Caves | Entered Factory 6846 | -5/Factory | Accompanied by 9 allies 6846 | -5/Factory | Evolved 2 slots: Utility x2 6847 | -5/Factory | Loaded intel: 4 garrison access locations 7556 | -5/Factory | Lost 3 parts (1u2w) 7746 | -5/Factory | First assault squad dispatched 8066 | -5/Factory | Incoming assault squad redirected 8213 | -5/Factory | Core integrity fell below 50% 8224 | -5/Factory | System corruption reached 10% 8265 | -5/Factory | Core integrity fell below 20% 8278 | -5/Factory | Destroyed by P-70 Sage with Tesla Rifle Last Messages --------------- 08253_ Slug penetrates Wall. 08257_ Hvy. Treads destroyed. 08258_ Slug penetrates Wall. 08258_ Lyr. Medium Armor Plating destroyed. 08258_ Slug penetrates Wall. 08260_ Wall collapses. 08261_ Penetrated by Slug. 08262_ Exp. Heat Sink destroyed. 08262_ System corrupted: Plasma Rifle failed to cycle. 08264_ System corrupted: Matter fused (-9). 08264_ Penetrated by Slug. 08265_ Enh. Autogun destroyed. 08266_ Slug penetrates Wall. 08267_ Hvy. Battle Rifle destroyed. 08269_ Destroyed Phase Shifter. 08271_ Plasma Rifle destroyed. 08272_ Targeting Computer fried. 08272_ H-66 Slayer destroyed. 08274_ P-70 Sage resets P-70 Sage, system corruption cleaned. 08278_ Proton Cannon destroyed. Map ----- +----------------------------------------------------+ | ?????????????????????????????????? | | ?????????????????????????????????? | | ?????????????????????????????????? | | ?????????????????????????????????? | | ?????????????????????????????????? | | ?????????????????????????????????? | | ?????????????????????????????????? | | ?????????????????????????????????? | | ?????????????????????????????????? | | ?????????????????????????????????? | | ?????????????????????????????????? | | ?????????????????????????????????? | | ?????????????????????????????????? | | ?????????????????????????????????? | | ?????????????????????? ??????????? | | ????????????????????? ???????????? | | ????????????????????? ? ?????????? | | ???????????????????? ? ?????????? | | ???????????????????? ?????????? | | ???????????????????? ???????? ? | | ??????????????????? """""""?? ?? ? | | ???#+########?????? """"""" !#? ? | | ???# ??????? """"""" #? | | ???# p#?????? """"""" #? | | ???# #?###?? # | | ???# x @ ###"### ?? | | ???# ####;p## "# ###???# | | ???????? #[# ! #???# | | ????????##%# =! #???# | | ?????????# ; %= ##??# | | ?????????# #% !![ #??# | | ?????????# # ! ##??# | | ?????????# # [ #???# | | ?????????# #" =%=# #### | | ????????? ## ! T% | | ???????# "T ## % | | ???????+ "" ### % == """ | | ???????# #?# ####### = """ | | ???????# #?# ###???# """ | | ???????## ##?# "?????# """ | | ????????# ???# " ????# | | ????????# ???# ""#???# | | ????????# ??? #???###### | | ????????# ?? "????????###+ | | ????????# ! "#???????? | | ????????# * ?????? """ | | ????????# ###???# """ | | ????????###+## #?????# """ | | ?????????????# #?????# | | ?????????????####+####?????# | +----------------------------------------------------+ Best States ------------- Heat Dissipation 71 Energy Generation 21 Energy Capacity 350 Matter Stores 600 Matter Capacity 600 Sight Range 22 Terrain Scan Range 16 Terrain Scan Density 210 Jamming Range 8 Armor Coverage 900 Weapon Shielding 33 Evasion (%) 42 Targeting Accuracy 6 Target Analysis 6 Core Analysis 8 Recoil Reduction 4 Energy Filtering 30 Particle Charging 20 Defensive Hacking 20 Item Schematics ----------------- Combat Drone Bay | -7/Data Miner | Free Lgt. Regenerative Plating | -7/Data Miner | Free Exp. Sensor Array | -7/Data Miner | Free Tactical Coordination Suite | -7/Data Miner | Free Cloaking Device | -7/Data Miner | Free Robot Schematics ------------------ S-27 Virus | -7/Data Miner | Free G-50 Soldier | -7/Data Miner | Free G-67 Veteran | -7/Data Miner | Free X-72 Disruptor | -7/Data Miner | Free I-36 Angel | -7/Data Miner | Free I-47 Archangel | -7/Data Miner | Free Fabricated ------------ Nothing Alien Tech Used ----------------- None Achievements -------------- None Challenges ------------ None Game ------ Seed HeartInsulationStorm Manual? 0 Play Time 01:48:29 Cumulative 424.2 hours Start 2021.09.22 @ 10:31:03 End 2021.09.22 @ 12:22:34 Sessions 1 Manual Loads 0 Difficulty Rogue Special Mode None Game No. 74 Rogue 43 Adventurer 31 Explorer 0 Win Type - Total 22 Types 17/0/2/3/0/0/0/0/0 Lore% 61 Gallery% 76 Achievement% 58 Wizard Run 0 Options --------- ASCII 0 Keyboard 0 Movement Arrows Keybinds 0 Fullscreen 1 Font 20/Terminus Map View 66x50 Tactical HUD 1 Map Filters NONE Filters NONE Steam 1 RUN: 372ed470-bdcb-474d-887e-58fbce724f7e